 Dungeon Crawl Stone Soup version 0.32-a0-132-g2d33c3cfaf (webtiles) character file.

Game seed: 2469128861109246424

1089 Dittersdorf the Covered (level 8, -4/51 HPs)
             Began as a Gargoyle Fighter on Feb 9, 2024.
             Slain by an orc warrior
             ... wielding a +0 trident
              (8 damage)
             ... on level 6 of the Dungeon.
             The game lasted 00:04:24 (4445 turns).

Dittersdorf the Covered (Gargoyle Fighter)          Turns: 4445, Time: 00:04:24

Health: -4/51      AC: 17    Str: 21    XL:     8   Next: 31%
Magic:  8/8        EV:  8    Int: 16    God:
Gold:   298        SH:  5    Dex:  9    Spells: 7/7 levels left

rFire   . . .        a - +1 flail
rCold   . . .        c - +0 buckler
rNeg    + . .        v - +0 chain mail
rPois   ∞            (no helmet)
rElec   +            (no cloak)
rCorr   .            (no gloves)
SInv    .            b - +0 pair of boots
Will    .....        w - amulet of regeneration Stlth
                     u - +6 ring of intelligence
HPRegen 1.08/turn    (no ring)
MPRegen 0.11/turn

%: no passive effects
@: no status effects
A: sickness immunity, AC +5, negative energy resistance 1, electricity
resistance, torment resistance 1, petrification resistance
a: no special abilities


You were on level 6 of the Dungeon.
You visited 1 branch of the dungeon, and saw 6 of its levels.

You collected 298 gold pieces.

Inventory:

Hand Weapons
 a - a +1 flail (weapon)
Armour
 b - a +0 pair of boots (worn)
 c - a +0 buckler (worn)
 v - a +0 chain mail (worn)
Jewellery
 f - a ring of fire
 u - a +6 ring of intelligence (left hand)
 w - an amulet of regeneration (around neck)
 A - a ring of ice
Wands
 y - a wand of paralysis (7) (quivered)
Scrolls
 e - 2 scrolls of enchant armour {unknown}
 g - a scroll of amnesia {unknown}
 q - 2 scrolls of teleportation {unknown}
 s - 2 scrolls of identify {unknown}
Potions
 d - a potion of might
 i - 2 potions of lignification {unknown}
 k - 3 potions of enlightenment {unknown}
 l - 3 potions of curing {unknown}
 m - a potion of ambrosia {unknown}
 n - a potion of brilliance {unknown}
 o - a potion of haste {unknown}
 p - a potion of invisibility {unknown}
 r - 4 potions of mutation {unknown}


   Skills:
 + Level 6.1 Fighting
 + Level 5.1 Maces & Flails
 + Level 6.1 Armour
 + Level 6.1 Shields


You had 7 spell levels left.
You didn't know any spells.
Your spell library contained the following spells:

 Spells                   Type           Power      Damage    Failure   Level
 Magic Dart               Conj           0%         1d3       88%         1
 Blink                    Tloc           0%         N/A       96%         2
 Call Imp                 Summ           0%         N/A       96%         2
 Static Discharge         Conj/Air       0%         3-3/arc   96%         2
 Summon Ice Beast         Ice/Summ       0%         N/A       99%         3
 Airstrike                Air            0%         2d(0-16)  100%        4
 Petrify                  Alch/Erth      0%         N/A       100%        4
 Summon Lightning Spire   Summ/Air       0%         N/A       100%        4
 Irradiate                Conj/Alch      0%         3d11      100%        5
 Summon Mana Viper        Hex/Summ       0%         N/A       100%        5
 Monstrous Menagerie      Summ           0%         N/A       100%        7
 Sublimation of Blood     Necr           Unusable   N/A       N/A         2

Dungeon Overview and Level Annotations

Branches:
Dungeon (6/15)
 Temple: D:4-7

Altars:


Innate Abilities, Weirdness & Mutations

You are immune to sickness and miasma.
Your stone body is resilient. (AC +5)
You are immune to poison.
You resist negative energy. (rN+)
You are resistant to electric shocks. (rElec)
You are resistant to unholy torment.
You are immune to petrification.


Message History

The gnoll sergeant is lightly wounded.
You block the orc warrior's attack. You block the gnoll sergeant's attack.
You sock the gnoll sergeant!
The gnoll sergeant is heavily wounded.
You block the orc warrior's attack. You block the gnoll sergeant's attack.
The orc warrior hits you from afar with a +0 trident!
You hit the gnoll sergeant.
The gnoll sergeant is severely wounded.
The gnoll sergeant hits you but does no damage.
The orc warrior hits you from afar with a +0 trident.
The gnoll sergeant hits you with a +0 spear.
You hit the gnoll sergeant.
The gnoll sergeant is almost dead.
The orc warrior hits you but does no damage.
The gnoll sergeant hits you with a +0 spear!
You barely miss the gnoll sergeant.
The gnoll sergeant is almost dead.
You block the orc warrior's attack.
The gnoll sergeant hits you but does no damage.
You sock the gnoll sergeant!
You kill the gnoll sergeant!
The orc warrior barely misses you.
The orc warrior hits you with a +0 trident.
Items here: ) [ ††.
You hit the orc warrior but do no damage.
You block the orc warrior's attack.
You closely miss the orc warrior. The orc warrior barely misses you.
You barely miss the orc warrior.
The orc warrior hits you with a +0 trident.
* * * LOW HITPOINT WARNING * * *
The orc warrior hits you with a +0 trident!
* * * LOW HITPOINT WARNING * * *
You sock the orc warrior!
The orc warrior is moderately wounded.
The orc warrior hits you with a +0 trident.
* * * LOW HITPOINT WARNING * * *
You hit the orc warrior but do no damage.
The orc warrior is moderately wounded.
The orc warrior hits you with a +0 trident!
You die...

....#......####.#................
#####............................
... #.......###.#.####.#.#######.
... #.........#.#.####)#'## #.
### #......##.#.#.#...))..#
#......##.#.#.#.......#
#######.........#.........#
..............#.####.....##
#######.......#.@..#.....#
#.......#o##.#.....#
#######....og.#.##.......#######
#...†.........#'####...........#
#.................##.....#...#.##
#.................##.....+.......
#.................##.....#...#...
#.................##.#.###...####
..................##.#...........


You could see an orc warrior.

Vanquished Creatures
  A steam dragon (D:6)
  Pargi (D:3)
  2 sky beasts
  2 ogres (D:5)
  A phantom (D:5)
  Blork the orc (D:4)
  A gnoll sergeant (D:6)
  A hound (D:6)
  2 orc priests (D:5)
  An iguana (D:6)
  2 orc wizards (D:5)
  3 gnolls (D:5)
  3 adders
  2 white imps
  A dart slug (D:5)
  2 ribbon worms (D:2)
  10 orcs
  A bat (D:1)
  6 endoplasms
  4 goblins
  6 hobgoblins
  2 jackals (D:5)
  4 quokkas
  3 ball pythons
  3 frilled lizards
  4 kobolds
  5 rats (D:1)
74 creatures vanquished.

Notes
Turn   | Place    | Note
-------+----------+-------------------------------------------
     0 | D:1      | Dittersdorf the Gargoyle Fighter began the quest for the
                  | Orb.
     0 | D:1      | Reached XP level 1. HP: 14/14 MP: 1/1
    68 | D:1      | Reached XP level 2. HP: 18/19 MP: 2/2
   947 | D:2      | Reached XP level 3. HP: 23/23 MP: 3/3
  1803 | D:3      | Reached XP level 4. HP: 29/29 MP: 4/4
  2198 | D:3      | Noticed Pargi
  2214 | D:3      | Killed Pargi
  2215 | D:3      | Reached XP level 5. HP: 29/33 MP: 5/5
  2658 | D:4      | You fall into a shaft and drop 1 floor!
  2658 | D:5      | Entered Level 5 of the Dungeon
  2704 | D:4      | Noticed Blork the orc
  2717 | D:4      | Killed Blork the orc
  2718 | D:4      | Reached XP level 6. HP: 26/39 MP: 6/6
  3498 | D:5      | Noticed a sky beast
  3522 | D:5      | Killed a sky beast
  3535 | D:5      | Reached skill level 5 in Fighting
  3535 | D:5      | Reached skill level 5 in Armour
  3535 | D:5      | Reached skill level 5 in Shields
  3535 | D:5      | Reached XP level 7. HP: 30/44 MP: 7/7
  4226 | D:6      | Reached XP level 8. HP: 51/51 MP: 8/8
  4428 | D:6      | Reached skill level 5 in Maces & Flails
  4445 | D:6      | Slain by an orc warrior

Illustrated notes

Levels and vault maps discovered:
D:1:      tarquinn_simple_flora_water_a, layout_basic, minmay_misc_feat_five
D:2:      minmay_door_path, layout_loops_ring
D:3:      layout_loops_ring, dreamdust_princess_bridge, uniq_pargi
D:4:      layout_basic, uniq_blork_the_orc
D:5:      layout_basic, st_stairs_13
D:6:      layout_basic, kennysheep_small_square

Skill      XL: |  1  2  3  4  5  6  7  8 |
---------------+-------------------------+-----
Fighting       | 4 5 6 |  6.1
Maces & Flails | 3 4 5 |  5.1
Armour         | 4 5 6 |  6.1
Shields        | 4 5 6 |  6.1

Action                     |  1- 3 |  4- 6 |  7- 9 || total
---------------------------+-------+-------+-------++-------
  Melee: Flail             |   158 |   123 |   119 ||   400
    Use: Scroll            |       |     7 |       ||     7
 Armour: Scale mail        |   110 |       |       ||   110
         Chain mail        |       |   129 |   141 ||   270
  Dodge: Dodged            |    64 |    52 |    56 ||   172
  Block: Buckler           |    35 |    25 |    45 ||   105

Table legend: (Time is in decaauts)
 A = Elapsed time spent in this place.
 B = Non-inter-level travel time spent in this place.
 C = Inter-level travel time spent in this place.
 D = Time resting spent in this place.
 E = Time spent auto-exploring this place.
 F = Levels seen in this place.
 G = Mean time per level.
                   A        B        C        D        E       F      G
               +--------+--------+--------+--------+--------+-----+--------+
         Total |   4548 |   4296 |    252 |     52 |   3341 |   6 |  758.0 |
       Dungeon |   4548 |   4296 |    252 |     52 |   3341 |   6 |  758.0 |
               +--------+--------+--------+--------+--------+-----+--------+

Top non-repeatable levels by time:
     D:1: 859 daAuts
     D:4: 851 daAuts
     D:5: 826 daAuts
     D:2: 796 daAuts
     D:3: 781 daAuts
     D:6: 434 daAuts
